 Dungeon Crawl Stone Soup version 0.25.0-37-gb73750e0fb (webtiles) character file.

Game seed: 13998809388799659281

84 Curus the Slasher (level 4, -11/52 HPs)
             Began as a Demonspawn Berserker on July 8, 2020.
             Was a Believer of Trog.
             Killed by divine providence
             ... invoked by an orc priest
              (16 damage)
             ... on level 3 of the Dungeon.
             The game lasted 00:13:50 (2217 turns).

Curus the Slasher (Demonspawn Berserker)            Turns: 2217, Time: 00:13:51

Health: -11/52     AC:  7    Str: 17      XL:     4   Next: 23%
Magic:  4/4        EV: 16    Int:  7 (8)  God:    Trog [**....]
Gold:   116        SH:  0    Dex: 12 (14) Spells: 3/3 levels left

rFire    . . .     SeeInvis +   o - +0 scimitar
rCold    . . .     Gourm    .   (no shield)
rNeg     . . .     Faith    .   i - +0 leather armour
rPois    .         Spirit   .   h - +1 helmet {SInv}
rElec    .         Reflect  .   l - +1 cloak
rCorr    .         Harm     .   (no gloves)
MR       .....                  (no boots)
Stlth    ..........             (no amulet)
HPRegen  0.17/turn              g - +4 ring of evasion
MPRegen  0.09/turn              (no ring)

@: berserking, very quick
A: powered by pain 1
a: Berserk, Trog's Hand, Renounce Religion


You were on level 3 of the Dungeon.
You worshipped Trog.
Trog was pleased with you.
You were very hungry.

You visited 1 branch of the dungeon, and saw 3 of its levels.

You collected 116 gold pieces.

Inventory:

Hand Weapons
 a - a +0 falchion
 o - a +0 scimitar (weapon)
Armour
 b - a +0 animal skin
 h - a +1 helmet of see invisible (worn)
 i - a +0 leather armour (worn)
 l - a +1 cloak (worn)
Jewellery
 g - a +4 ring of evasion (left hand)
Wands
 n - a wand of polymorph (6)
Scrolls
 j - 2 scrolls of identify
 k - a scroll of remove curse
 m - a scroll of teleportation
Potions
 d - a potion of might
 e - a potion of stabbing
 f - a potion of brilliance
Comestibles
 c - 5 rations
 p - a chunk of flesh


   Skills:
 - Level 3.0 Fighting
 + Level 4.6 Long Blades
 - Level 1.7 Armour
 - Level 1.7 Dodging


You had 3 spell levels left.
You didn't know any spells.
Your spell library was empty.

Dungeon Overview and Level Annotations

Branches:
Dungeon (3/15)

Altars:


Innate Abilities, Weirdness & Mutations

You sometimes gain a little power by taking damage.


Message History

The orc priest misses you.
The orc hits you from afar with a +0 trident.
The orc priest begins to cast a cantrip, but forgets the words!
A red film seems to cover your vision as you go berserk!
You feel yourself moving faster!
You feel mighty!
You are feeling very hungry.
The orc priest hits you with a +0 hand axe.
The orc hits you from afar with a +0 trident!
* * * LOW HITPOINT WARNING * * *
The orc priest invokes the aid of Beogh against you.
Pain shoots through your body!
* * * LOW HITPOINT WARNING * * *
You barely miss the orc priest.
The orc priest is severely wounded.
The orc priest closely misses you.
You riposte.
You hit the orc priest.
The orc priest is lightly wounded.
The orc barely misses you.
The orc priest mumbles some strange prayers to Beogh against you.
Beogh smites you!
You die...

########### #.........#
#.........# ###
#.........# ....
##.........#######.....
#.).............o......
##....##........@wo.o...
#................oo.o...
#.....#.................
.)....+.................
#.)...#.................
#.#.....................
#.###.........#####.....
.>. ...........# ####+
###.............


You could see 3 orc priests, a dart slug and 3 orcs.

Vanquished Creatures
  Robin (D:2)
  An adder (D:2)
  2 dart slugs (D:1)
  A leopard gecko (D:1)
  An orc (D:3)
  A ball python (D:1)
  7 bats
  2 giant cockroaches (D:1)
  8 hobgoblins
  A quokka (D:2)
  A frilled lizard (D:1)
  16 goblins
  3 kobolds
  5 rats
50 creatures vanquished.

Notes
Turn   | Place    | Note
-------+----------+-------------------------------------------
     0 | D:1      | Curus the Demonspawn Berserker began the quest for the Orb.
     0 | D:1      | Reached XP level 1. HP: 18/18 MP: 1/1
   111 | D:1      | Reached skill level 3 in Long Blades
   275 | D:1      | Gained mutation: You sometimes gain a little power by
                  | taking damage. [demonic ancestry]
   275 | D:1      | Reached XP level 2. HP: 24/24 MP: 2/2
  1141 | D:2      | Reached XP level 3. HP: 29/29 MP: 3/3
  1252 | D:2      | Reached skill level 4 in Long Blades
  1355 | D:2      | Reached ** piety under Trog
  1643 | D:2      | Noticed Robin
  1649 | D:2      | Killed Robin
  1649 | D:2      | Reached XP level 4. HP: 21/35 MP: 4/4
  2167 | D:3      | Found a faded altar of an unknown god.
  2217 | D:3      | Killed from afar by an orc priest

Illustrated notes

Levels and vault maps discovered:
D:1:      ebering_hopf_link, layout_basic, serial_bayou_pond_e,
          grunt_decor_one_mirror, minmay_misc_feat_room, minmay_tetromino_l4
D:2:      cheibrodos_old_hovel, layout_basic, first_ration,
          minmay_goblin_outpost, uniq_robin
D:3:      layout_basic, chequers_ecumenical_altar_simple, uniq_jessica

Skill      XL: |  1  2  3 |
---------------+----------+-----
Long Blades    | 3 4 |  4.6
Fighting       | |  3.0
Armour         | |  1.7
Dodging        | |  1.7

Action                   |  1- 3 |  4- 6 || total
-------------------------+-------+-------++-------
Melee: Falchion          |   120 |       ||   120
       Scimitar          |     5 |    29 ||    34
Invok: Berserk           |     1 |     1 ||     2
  Use: Potion            |     6 |       ||     6
       Scroll            |     5 |     2 ||     7
  Eat: Chunk             |     2 |     3 ||     5
Armor: Animal skin       |     5 |       ||     5
       Leather armour    |    23 |     6 ||    29
Dodge: Dodged            |   141 |    44 ||   185
       Rpst.: Falchion   |    33 |       ||    33
       Scimitar          |     7 |    12 ||    19
